 Dungeon Crawl Stone Soup version 0.22-a0-603-gfc1114d (webtiles) character file.

33 sking99 the Cutter (level 3, 0/25 HPs)
             Began as a Halfling Warper on July 7, 2018.
             Slain by a frilled lizard (1 damage)
             ... on level 1 of the Dungeon.
             The game lasted 00:00:57 (431 turns).

sking99 the Cutter (Halfling Warper)                 Turns: 431, Time: 00:00:57

Health: 0/25       AC:  3    Str: 12    XL:     3   Next: 47%
Magic:  5/5        EV: 14    Int: 12    God:
Gold:   10         SH:  0    Dex: 13    Spells: 1/5 levels left

rFire    . . .     SeeInvis .   a - +0 short sword
rCold    . . .     Gourm    .   (shield restricted)
rNeg     . . .     Faith    .   b - +0 leather armour
rPois    .         Spirit   .   (no helmet)
rElec    .         Reflect  .   (no cloak)
rCorr    .         Harm     .   (no gloves)
MR       .....                  (no boots)
Stlth    +.........             (no amulet)
HPRegen  0.08/turn              (no ring)
MPRegen  0.09/turn              (no ring)

@: no status effects
A: small, mutation resistance 1
a: no special abilities


You were on level 1 of the Dungeon.
You were not hungry.

You visited 1 branch of the dungeon, and saw 1 of its levels.

You collected 10 gold pieces.

Inventory:

Hand Weapons
 a - a +0 short sword (weapon)
Missiles
 e - 5 tomahawks of dispersal (quivered)
Armour
 b - a +0 leather armour (worn)
Scrolls
 d - a scroll of blinking
Potions
 c - a potion of haste {unknown}
Comestibles
 f - a ration
 g - 6 chunks of flesh


   Skills:
 + Level 2.3 Fighting
 * Level 3.8 Short Blades
 - Level 1.0 Throwing
 - Level 1.1 Armour
 - Level 2.1 Dodging
 - Level 1.5 Spellcasting
 - Level 3.2 Translocations


You had one spell level left.
You knew the following spells:

 Your Spells              Type           Power        Failure   Level  Hunger
a - Blink                 Tloc           N/A          14%         2    ###....
b - Shroud of Golubria    Chrm/Tloc      #.........   28%         2    ###....

Your spell library contained the following spells:

 Spells                   Type           Power        Failure   Level  Hunger
 Teleport Other           Tloc           #.......     28%         3    ####...
 Passage of Golubria      Tloc           N/A          67%         4    #####..
 Gell's Gravitas          Tloc           #.........   28%         3    ####...
 Lesser Beckoning         Tloc           #.........   28%         3    ####...


Dungeon Overview and Level Annotations

Branches:
Dungeon (1/15)

Altars:


Innate Abilities, Weirdness & Mutations

You are small and have problems with some larger weapons.
You are somewhat resistant to further mutation.


Message History

You hit the rat.
You kill the rat!
The giant cockroach barely misses you.
The giant cockroach bites you but does no damage.
The frilled lizard bites you but does no damage.
The giant cockroach completely misses you.
The frilled lizard bites you but does no damage.
You closely miss the giant cockroach.
The frilled lizard bites you but does no damage.
The giant cockroach barely misses you.
You hit the giant cockroach.
The giant cockroach is almost dead.
The frilled lizard bites you.
* * * LOW HITPOINT WARNING * * *
The giant cockroach barely misses you.
You hit the giant cockroach.
You kill the giant cockroach!
The frilled lizard barely misses you.
You miss the frilled lizard. The frilled lizard bites you.
You die...

..........#.....##. #
..........#..!.... .#
.......[..#......##.
..........#........
..........#......#
..÷)......#......#
..........#......#
..........#....l†#
..........#.....@#
..........###....#
..........###.##......
..............##.#####
...........####..#
..........#####.##
..............#.#
..........###...#################
#######.#####...##≈≈.............


You could see a frilled lizard.

Vanquished Creatures
  A gnoll (D:1)
  An ooze (D:1)
  A leopard gecko (D:1)
  A giant cockroach (D:1)
  3 goblins (D:1)
  2 hobgoblins (D:1)
  A ball python (D:1)
  5 bats (D:1)
  2 kobolds (D:1)
  2 rats (D:1)
19 creatures vanquished.

Notes
Turn   | Place    | Note
-------+----------+-------------------------------------------
     0 | D:1      | sking99 the Halfling Warper began the quest for the Orb.
     0 | D:1      | Reached XP level 1. HP: 14/14 MP: 3/3
    56 | D:1      | Reached XP level 2. HP: 11/19 MP: 4/4
   223 | D:1      | Learned a level 2 spell: Blink
   226 | D:1      | Learned a level 2 spell: Shroud of Golubria
   396 | D:1      | Reached XP level 3. HP: 20/24 MP: 2/5
   420 | D:1      | HP: 1/25 [frilled lizard (2)]
   429 | D:1      | HP: 1/25 [frilled lizard (1)]
   431 | D:1      | Slain by a frilled lizard

Vault maps used:
D:1:      dpeg_arrival_chase, minmay_split_cup_large

Skill      XL: |  1  2 |
---------------+-------+-----
Fighting       | 2 |  2.3
Short Blades   | 3 |  3.8
Throwing       | |  1.0
Armour         | |  1.1
Dodging        | |  2.1
Spellcasting   | |  1.5
Translocations | |  3.2

Action                   || total
-------------------------++-------
Melee: Short sword       ||    72
 Cast: Shroud of Golubri ||     1
Armor: Leather armour    ||    31
Dodge: Dodged            ||   103

Table legend:
 A = Spawn XP
 B = Non-spawn XP
 C = Spawn XP percentage of total XP
 D = Spawn monster count
 E = Non-spawn monster count
 F = Spawn count percentage of total count
 G = Total turns spent on level
                    A         B        C        D         E        F      G
               +---------+---------+-------+---------+---------+-------+---------
         Total |       0 |      48 |   0.0 |       0 |      19 |   0.0 |   431
               +---------+---------+-------+---------+---------+-------+---------
           D:1 |       0 |      48 |   0.0 |       0 |      19 |   0.0 |   431
               +---------+---------+-------+---------+---------+-------+---------
